 Dungeon Crawl Stone Soup version 0.28.0 (webtiles) character file.

Game seed: 12087402675917384838

53 RonnieColeman the Conjurer (level 3, -5/21 HPs)
             Began as an Octopode Conjurer on July 5, 2022.
             Slain by a gnoll (7 damage)
             ... on level 4 of the Dungeon.
             The game lasted 00:04:11 (2573 turns).

RonnieColeman the Conjurer (Octopode Conjurer)      Turns: 2573, Time: 00:04:12

Health: -5/21      AC:  1    Str:  6    XL:     3   Next: 89%
Magic:  7/7        EV: 13    Int: 22    God:
Gold:   42         SH:  0    Dex: 10    Spells: 4/7 levels left

rFire   . . .      SeeInvis .   e - +0 short sword
rCold   . . .      Faith    +   (no shield)
rNeg    . . .      Spirit   .   (helmet restricted)
rPois   .          Reflect  .   g - amulet of faith
rElec   .          Harm     .   (no ring)
rCorr   .          Rampage  .   (no ring)
Will    .....                   (no ring)
Stlth   +++.......              (no ring)
HPRegen 0.07/turn               (no ring)
MPRegen 0.10/turn               (no ring)
                                (no ring)
                                (no ring)

@: no status effects
A: almost no armour, amphibious, 8 rings, camouflage 1, gelatinous body 1,
(nimble swimmer 1), tentacles
a: no special abilities


You were on level 4 of the Dungeon.
You visited 1 branch of the dungeon, and saw 4 of its levels.

You collected 42 gold pieces.

Inventory:

Hand Weapons
 a - a +0 dagger
 e - a +0 short sword (weapon)
Jewellery
 g - an amulet of faith (around mantle)
Scrolls
 b - a scroll of torment {unknown}
 h - a scroll of identify {unknown}
 i - a scroll of enchant weapon {unknown}
 j - a scroll of enchant armour {unknown}
Potions
 c - 2 potions of haste {unknown}
 d - a potion of degeneration {unknown}
 f - a potion of curing {unknown}
 k - a potion of mutation {unknown}


   Skills:
 - Level 2.0 Dodging
 - Level 2.6 Stealth
 * Level 2.8 Spellcasting
 + Level 4.9 Conjurations


You had 4 spell levels left.
You knew the following spells:

 Your Spells              Type           Power      Damage    Failure   Level
a - Magic Dart            Conj           96%        1d7       1%          1
b - Searing Ray           Conj           48%        2d6       2%          2

Your spell library contained the following spells:

 Spells                   Type           Power      Damage    Failure   Level
 Pain                     Necr           12%        1d4       13%         1
 Dazzling Flash           Conj/Hex       26%        N/A       14%         3
 Fulminant Prism          Conj/Hex       6%         3d7       43%         4
 Iskenderun's Mystic Bla  Conj/Tloc      13%        2d5       43%         4
 Agony                    Necr           3%         N/A       98%         5
 Excruciating Wounds      Necr           1%         N/A       98%         5


Dungeon Overview and Level Annotations

Branches:
Dungeon (4/15)
 Temple: D:4-7

Altars:


Innate Abilities, Weirdness & Mutations

You cannot wear most types of armour.
You are amphibious.
You can wear up to eight rings at the same time.
Your skin changes colour to match your surroundings (Stealth+).
Your rubbery body absorbs attacks. (AC +1, EV +1)
((You are camouflaged when in or above water. (Stealth+)))
You have tentacles for arms and can constrict up to eight enemies at once.


Message History

The gnoll is lightly wounded.
The gnoll shouts! (Press . to maintain the ray.)
The searing ray hits the gnoll!
The gnoll is severely wounded.
The searing ray misses the gnoll.
The searing ray hits the gnoll.
The gnoll is severely wounded.
You finish channelling your searing ray.
The gnoll barely misses you. The gnoll hits you with a +0 club.
The gnoll closely misses you.
Casting: Searing Ray (safe; 2% risk of failure)
Confirm with . or Enter, or press ? or * to list all spells.
Aiming: Searing Ray (safe; 2% risk of failure)
Press: ? - help, Shift-Dir - straight line, f/p - gnoll
Aim: a gnoll, wielding a +0 club (severely wounded, 82% to hit)
The searing ray misses the gnoll. (Press . to maintain the ray.)
The gnoll hits you with a +0 club!
A gnoll comes into view. It is wielding a +0 spear.
Without enough magic to sustain it, your searing ray dissipates.
The gnoll hits you with a +0 club. The gnoll hits you with a +0 club.
Things that are here:
a +0 halberd; a gnoll corpse
There is an open door here.
There is a stone staircase leading down here.
The gnoll hits you with a +0 club!
* * * LOW HITPOINT WARNING * * *
You climb downwards.
Found a dagger.
There is a stone staircase leading up here.
The orc shouts!
You hear a shout!
You see here a +0 dagger.
You hit the gnoll but do no damage. You grab the gnoll.
The gnoll is severely wounded.
You constrict the gnoll, but do no damage.
The gnoll hits you with a +0 club!
You die...

....... ##########
#.......
.........###.......
.......@...........
......##g###.....
##### #.).#... #
#.####.#.# ...
#......o.##.....
######.#<.......
...............
#####.##.......
...S .......


You could see a gnoll and an orc.

Vanquished Creatures
  A gnoll (D:3)
  An adder (D:2)
  A dart slug (D:2)
  7 bats
  2 endoplasms
  A giant cockroach (D:1)
  A hobgoblin (D:1)
  5 kobolds
  3 quokkas
  4 ball pythons
  2 frilled lizards (D:2)
  3 goblins (D:1)
  3 rats
34 creatures vanquished.

Vanquished Creatures (others)
  2 plants (D:3)
2 creatures vanquished.

Grand Total: 36 creatures vanquished

Notes
Turn   | Place    | Note
-------+----------+-------------------------------------------
     0 | D:1      | RonnieColeman the Octopode Conjurer began the quest for the
                  | Orb.
     0 | D:1      | Reached XP level 1. HP: 11/11 MP: 3/3
   275 | D:1      | You fall into a shaft and drop 1 floor!
   306 | D:2      | Reached XP level 2. HP: 17/17 MP: 0/5
  1538 | D:2      | Found a faded altar of an unknown god.
  1542 | D:2      | Reached XP level 3. HP: 21/21 MP: 6/6
  1740 | D:2      | Learned a level 2 spell: Searing Ray
  2573 | D:4      | Slain by a gnoll

Illustrated notes

Levels and vault maps discovered:
D:1:      dpeg_arrival_court, layout_loops_ring, grunt_decor_clamped
D:2:      layout_basic, chequers_ecumenical_altar_island
D:3:      layout_basic, gammafunk_ghost_abyssal_escape, guppyfry_early_lair_pool
D:4:      layout_basic, chequers_temple_overflow_minitemple,
          lemuel_temple_firewalk_a, uniq_natasha

Action                   || total
-------------------------++-------
Melee: Unarmed           ||     5
       Dagger            ||    14
       Constrict         ||    12
       Tentacles         ||     7
       Short sword       ||    29
 Cast: Magic Dart        ||    32
       Searing Ray       ||     4
 Stab: Sleeping          ||     6
Armor: Skin              ||     8
Dodge: Dodged            ||    57
